 Dungeon Crawl Stone Soup version 0.29.1-2-gbd0b4ee654 (webtiles) character file.

Game seed: 10756134253393612027

14 Icepheonix32 the Insei (level 2, -7/23 HPs)
             Began as a Demigod Transmuter on Nov 4, 2022.
             Mangled by a worm (10 damage)
             ... on level 2 of the Dungeon.
             The game lasted 00:00:26 (350 turns).

Icepheonix32 the Insei (Demigod Transmuter)          Turns: 350, Time: 00:00:27

Health: -7/23      AC:  2    Str: 11    XL:     2   Next: 18%
Magic:  6/7        EV: 12    Int: 15    God:
Gold:   29         SH:  0    Dex: 14    Spells: 3/4 levels left

rFire   . . .      SeeInvis .     - Unarmed
rCold   . . .      Faith    .   (no shield)
rNeg    . . .      Spirit   .   a - +0 robe
rPois   .          Reflect  .   (helmet currently unavailable)
rElec   .          Harm     .   (no cloak)
rCorr   .          Rampage  .   (no gloves)
Will    .....                   (boots currently unavailable)
Stlth   +.........              (no amulet)
HPRegen 0.07/turn               (no ring)
MPRegen 0.10/turn               (no ring)

@: appendages (expiring)
A: horns 2, talons 2, high MP 1, forlorn, divine attributes
a: End Transformation


You were on level 2 of the Dungeon.
You had temporarily grown beastly horns and talons.
You visited 1 branch of the dungeon, and saw 2 of its levels.

You collected 29 gold pieces.

Inventory:

Armour
 a - a +0 robe (worn)
Scrolls
 c - a scroll of vulnerability {unknown}
Potions
 b - a potion of lignification
 d - a potion of brilliance {unknown}


   Skills:
 + Level 1.0 Fighting
 + Level 1.8 Dodging
 + Level 3.1 Unarmed Combat
 + Level 1.9 Spellcasting
 * Level 2.0 Transmutations


You had 3 spell levels left.
You knew the following spells:

 Your Spells              Type           Power      Damage    Failure   Level
a - Beastly Appendage     Tmut           14%        N/A       10%         1

Your spell library contained the following spells:

 Spells                   Type           Power      Damage    Failure   Level
 Wereblood                Tmut           7%         N/A       14%         2
 Spider Form              Tmut/Pois      4%         N/A       41%         3
 Ice Form                 Ice/Tmut       4%         N/A       83%         4


Dungeon Overview and Level Annotations

Branches:
Dungeon (1/15)


Innate Abilities, Weirdness & Mutations

You have temporarily grown beastly horns and talons.
You have an increased reservoir of magic. (+10% MP)
You shall have no god before yourself.
Your divine heritage dramatically boosts your attributes as you level up.


Message History

Key pressed, stopping explore.
Your transformation is almost over.
Your horns disappear.
Your talons disappear.
A bat comes into view.
A bat is nearby!
You grow a pair of large bovine horns.
Your feet morph into talons.
The bat hits you but does no damage.
You miss the bat. You claw the bat, but do no damage.
The bat hits you but does no damage. The bat barely misses you.
You closely miss the bat. You headbutt the bat.
You kill the bat!
Your transformation is almost over.
HP restored.
A worm comes into view.
You see here a fuming green potion.
A worm is nearby!
d - a fuming green potion Your horns disappear.
Your talons disappear.
Found a stone staircase leading up.
A worm is nearby!
You grow a pair of large bovine horns.
Your feet morph into talons.
Found a yellow potion.
You hit the worm.
The worm is lightly wounded.
The worm bites you!
You barely miss the worm. You claw the worm.
The worm is moderately wounded.
Your transformation is almost over.
The worm bites you!
* * * LOW HITPOINT WARNING * * *
You are too injured to fight recklessly!
You hit the worm but do no damage. You claw the worm.
The worm is moderately wounded.
Unknown command.
You barely miss the worm.
You headbutt the worm, but do no damage.
The worm is moderately wounded.
The worm bites you!
You die...

.......## ..#
.........##.##.<#
.......#....##..## #
. .......##†!###...
.# .. #.[........#
.##...
###...###..##......
#.###
##..###..........
#.....##...##.......#
#..........@w.##
###................
#...........###!.
........#......#
.........#......#
.....##...##.....#
..... #...##.....#
..... ######.....#
#### .....#


You could see a worm.

Vanquished Creatures
  A dart slug (D:1)
  3 ball pythons
  An endoplasm (D:1)
  2 hobgoblins
  2 bats
  A frilled lizard (D:1)
  A goblin (D:1)
  A kobold (D:1)
12 creatures vanquished.

Notes
Turn   | Place    | Note
-------+----------+-------------------------------------------
     0 | D:1      | Icepheonix32 the Demigod Transmuter began the quest for the
                  | Orb.
     0 | D:1      | Reached XP level 1. HP: 15/15 MP: 5/5
   126 | D:1      | Reached skill level 3 in Unarmed Combat
   160 | D:1      | Reached skill level 1 in Fighting
   172 | D:1      | Reached XP level 2. HP: 19/23 MP: 5/7
   288 | D:1      | You fall into a shaft and drop 1 floor!
   350 | D:2      | Mangled by a worm

Illustrated notes

Levels and vault maps discovered:
D:1:      dpeg_arrival_oval, layout_basic, minmay_statues_item,
          hangedman_decor_clover_reticule, grunt_decor_fettered, chequers_garden
D:2:      layout_rooms, basic_altar, dreamdust_ecumenical_altar_statues,
          minmay_surrounded, uniq_terence

Skill      XL: |  1  2 |
---------------+-------+-----
Unarmed Combat | 3 |  3.1
Fighting       | 1 |  1.0
Transmutations | 2 |  2.0
Dodging        | |  1.8
Spellcasting   | |  1.9

Action                   || total
-------------------------++-------
Melee: Unarmed           ||    31
       Kick              ||     6
       Headbutt          ||     4
 Cast: Beastly Appendage ||     7
Armor: Robe              ||     9
Dodge: Dodged            ||    14
